 Dungeon Crawl Stone Soup version 0.27-a0-1125-g131cd56 (webtiles) character file.

Game seed: 2361846072482154290

40 Meow the Stinger (level 3, 12/28 HPs)
             Began as a Naga Venom Mage on May 3, 2021.
             Quit the game on level 2 of the Dungeon.
             The game lasted 00:03:31 (704 turns).

Meow the Stinger (Naga Venom Mage)                   Turns: 704, Time: 00:03:32

Health: 12/28      AC:  2    Str: 10    XL:     3   Next: 50%
Magic:  1/6        EV:  9    Int: 16    God:
Gold:   111        SH:  0    Dex: 11    Spells: 3/7 levels left

rFire    . . .     SeeInvis +   a - +0 short sword
rCold    . . .     Faith    .   (no shield)
rNeg     . . .     Spirit   .   g - +0 robe
rPois    +         Reflect  .   (no helmet)
rElec    .         Harm     .   (no cloak)
rCorr    .         Rampage  .   (no gloves)
Will     .....                  (no barding)
Stlth    ++........             (no amulet)
HPRegen  0.09/turn              (no ring)
MPRegen  0.10/turn              (no ring)

@: short of breath, very slow
A: AC +1, large, see invisible, deformed body, poison resistance, slowness 2,
spit poison 1, naga tail 1
a: Spit Poison


You were on level 2 of the Dungeon.
You visited 1 branch of the dungeon, and saw 2 of its levels.

You collected 111 gold pieces.

Inventory:

Hand Weapons
 a - a +0 short sword (weapon)
Missiles
 f - 24 stones (quivered)
 i - 21 arrows
 j - 25 bolts
Armour
 g - a +0 robe (worn)
 k - a +0 buckler
Scrolls
 d - a scroll of brand weapon {unknown}
Potions
 b - a potion of brilliance
 c - a potion of curing {unknown}
 e - a potion of attraction {unknown}
 h - a potion of berserk rage {unknown}


   Skills:
 - Level 1.5 Dodging
 + Level 4.0 Stealth
 * Level 0.7 Shields
 + Level 2.5 Spellcasting
 - Level 1.0 Transmutations
 + Level 4.6 Poison Magic


You had 3 spell levels left.
You knew the following spells:

 Your Spells              Type           Power      Damage    Failure   Level
a - Sting                 Tmut/Pois      44%        1d5       6%          1
c - Mephitic Cloud        Conj/Pois/Air  6%         N/A       32%         3

Your spell library contained the following spells:

 Spells                   Type           Power      Damage    Failure   Level
 Poisonous Vapours        Pois/Air       18%        N/A       12%         2
 Ignite Poison            Fire/Tmut/Pois 8%         N/A       26%         3
 Olgreb's Toxic Radiance  Pois           16%        N/A       28%         4


Dungeon Overview and Level Annotations

Branches:
Dungeon (2/15)

Altars:


Innate Abilities, Weirdness & Mutations

Your serpentine skin is tough. (AC +1)
You have supernaturally acute eyesight. (SInv)
Armour fits poorly on your strangely shaped body.
Your system is resistant to poisons. (rPois)
You cover ground very slowly.
You can spit poison.
You have a snake-like lower body.


Message History

Aim: a gnoll, wielding a +0 club (heavily wounded, poisoned, chance to affect: 91%)
You miscast Mephitic Cloud.
You are very lightly contaminated with residual magic.
You are caught in a violent explosion.
The gnoll hits you with a +0 club!
Unknown command.
Casting: Mephitic Cloud (extremely dangerous; 32% risk of failure)
Confirm with . or Enter, or press ? or * to list all spells.
The spell is extremely dangerous to cast (32% risk of failure)!
Continue anyway?
Aiming: Mephitic Cloud (extremely dangerous; 32% risk of failure)
Press: ? - help, Shift-Dir - straight line, f/p - gnoll
Aim: a gnoll, wielding a +0 club (heavily wounded, poisoned, chance to affect: 91%)
The ball explodes into a vile cloud!
The stinking cloud engulfs the gnoll but does no damage.
The gnoll is heavily wounded.
The stinking cloud engulfs you but does no damage.
You hear a shout!
The gnoll is engulfed in noxious fumes.
The gnoll barely misses you.
Unknown command.
Unknown command.
You have got your breath back.
The gnoll is engulfed in noxious fumes.
The gnoll appears confused.
Unknown command.
You kill the gnoll!
Your Stealth skill increases to level 4!
Unknown command.
The gnoll is engulfed in noxious fumes.
The gnoll appears confused.
Press: ? - help, Shift-Dir - straight line, f - gnoll
Aim: a gnoll, wielding a +0 club (confused)
The splash of poison hits the gnoll.
The gnoll is moderately wounded.
Your magical contamination has completely faded away.
The gnoll hits the worm but does no damage.
You can't do that yet.
Unknown command.
You have got your breath back.
Press: ? - help, Shift-Dir - straight line, f - worm, p - gnoll
Aim: a worm The splash of poison misses the worm.
There is a stone staircase leading up here.
Are you sure you want to abandon this character and quit the game? (Confirm with "yes".)

..####...###
...........##
..####......###
###.....#.#...#
>...........#.#
######.#.#.##.# #
#.#.#.##.#### #
#.#.#.##.†..#
######.#.#.#####@#
...........# #.#
#.####.....# #.#
#.# #.....# #.#
#.# #.....# #w#
#.# #.....# #.#
#......#.#######g#
######.#......†..#
# ........##..#


You could see a worm and a gnoll.

Vanquished Creatures
  An adder (D:2)
  A gnoll (D:2)
  A worm (D:2)
  A dart slug (D:1)
  2 endoplasms (D:1)
  2 giant cockroaches
  A hobgoblin (D:1)
  A quokka (D:1)
  4 ball pythons
  A frilled lizard (D:1)
  2 kobolds (D:1)
  4 rats (D:1)
21 creatures vanquished.

Vanquished Creatures (others)
  2 toadstools (D:1)
2 creatures vanquished.

Grand Total: 23 creatures vanquished

Notes
Turn   | Place    | Note
-------+----------+-------------------------------------------
     0 | D:1      | Meow the Naga Venom Mage began the quest for the Orb.
     0 | D:1      | Reached XP level 1. HP: 15/15 MP: 3/3
   139 | D:1      | Found a faded altar of an unknown god.
   192 | D:1      | Reached XP level 2. HP: 22/22 MP: 0/5
   633 | D:2      | Reached XP level 3. HP: 28/28 MP: 6/6
   637 | D:2      | Learned a level 3 spell: Mephitic Cloud
   704 | D:2      | Quit the game

Illustrated notes

Levels and vault maps discovered:
D:1:      minmay_arrival_checkered_box, layout_rooms,
          shapermc_ecumenical_altar_notcrosses, minmay_gold_behind_fungi,
          minmay_misc_feat_encased
D:2:      layout_loops_ring, serial_shops, shop

Skill      XL: |  1  2  3 |
---------------+----------+-----
Stealth        | 4 |  4.0
Dodging        | |  1.5
Shields        | |  0.7
Spellcasting   | |  2.5
Transmutations | |  1.0
Poison Magic   | |  4.6

Action                   || total
-------------------------++-------
Throw: Stone             ||     7
 Cast: Sting             ||    16
       Mephitic Cloud    ||     1
 Abil: Spit Poison       ||    29
  Use: Potion            ||     1
Dodge: Dodged            ||     2

Table legend: (Time is in decaauts)
 A = Elapsed time spent in this place.
 B = Non-inter-level travel time spent in this place.
 C = Inter-level travel time spent in this place.
 D = Time resting spent in this place.
 E = Time spent auto-exploring this place.
 F = Levels seen in this place.
 G = Mean time per level.
                   A        B        C        D        E       F      G
               +--------+--------+--------+--------+--------+-----+--------+
         Total |    931 |    910 |     21 |     34 |    652 |   2 |  465.5 |
       Dungeon |    931 |    910 |     21 |     34 |    652 |   2 |  465.5 |
               +--------+--------+--------+--------+--------+-----+--------+

Top non-repeatable levels by time:
     D:1: 738 daAuts
     D:2: 193 daAuts
